cohdb
Replays
Latest Replays
All Replays
Popular Replays
Top Player Replays
Match Explorer
How It Works
Community
CoH3 Stats
Reddit
Sign in to upload your games and track your stats! →
Sign in with Steam
Match 42687074
Unlisted
Match 42687074
Overview
Messages
Build Orders
End
Royal Engineer Section
Construct Section Command Post
ML 3-inch Mortar Team
Selects Canadian Shock Battlegroup
Infantry Section
Selects Offensive Resupply
Selects Canadian Shock Section
Canadian Shock Section
Construct Platoon Command Post
Canadian Shock Section
Selects Incendiary Munitions
Unlock M3 Stuart Light Tanks
M3 Stuart Light Tank
Grenade Package
Construct Field Infirmary
Selects Pyrotechnics
MaxBenJim
MaxPayne
Tommythefox
This Sly Moose
Grand.G
永远不死 活着
你说是,那便是吧
matthias-sto
0
0
Comments
sign in to comment!
No comments posted yet!